 Dungeon Crawl Stone Soup version 0.24-a0-464-g6b2be6b8c7 (webtiles) character file.

Game seed: 7042702799333394324

53 Bikalo the Sneak (level 3, -2/28 HPs)
             Began as a Naga Enchanter on July 3, 2019.
             Killed from afar by an orc wizard (7 damage)
             ... with a puff of frost
             ... on level 3 of the Dungeon.
             The game lasted 00:03:47 (2504 turns).

Bikalo the Sneak (Naga Enchanter)                   Turns: 2504, Time: 00:03:48

Health: -2/28      AC:  2    Str:  8 (10) XL:     3   Next: 87%
Magic:  2/6        EV: 10    Int: 19 (20) God:
Gold:   169        SH:  0    Dex:  9 (12) Spells: 3/6 levels left

rFire    . . .     SeeInvis +   a - +1 dagger
rCold    . . .     Gourm    .   (no shield)
rNeg     . . .     Faith    .   b - +0 robe
rPois    +         Spirit   .   (no helmet)
rElec    .         Reflect  .   (no cloak)
rCorr    .         Harm     .   (no gloves)
MR       .....                  (no barding)
Stlth    +++.......             (no amulet)
HPRegen  0.09/turn              (no ring)
MPRegen  0.10/turn              (no ring)

@: brilliant, very slow
A: large, see invisible, deformed body, poison resistance, slowness 2, slow
metabolism 1, spit poison 1, AC +1
a: Spit Poison


You were on level 3 of the Dungeon.
You were hungry.

You visited 1 branch of the dungeon, and saw 3 of its levels.

You collected 169 gold pieces.

Inventory:

Hand Weapons
 a - a +1 dagger (weapon)
Armour
 b - a +0 robe (worn)
Scrolls
 c - a scroll of fear {unknown}
 e - a scroll of amnesia {unknown}
 f - 2 scrolls of remove curse {unknown}
 h - a scroll of teleportation {unknown}
 j - a scroll of identify {unknown}
 m - a scroll of enchant weapon {unknown}
Potions
 k - a potion of flight {unknown}
 l - a potion of might {unknown}
Comestibles
 d - 2 rations


   Skills:
 + Level 1.8 Short Blades
 + Level 2.1 Dodging
 + Level 5.1 Stealth
 - Level 2.0 Spellcasting
 + Level 3.4 Hexes
 + Level 0.8 Ice Magic


You had 3 spell levels left.
You knew the following spells:

 Your Spells              Type           Power        Failure   Level  Hunger
a - Corona                Hex            ####...      1%          1    #......
b - Ensorcelled Hibernat  Hex/Ice        ###...       1%          2    ###....

Your spell library contained the following spells:

 Spells                   Type           Power        Failure   Level  Hunger
 Confuse                  Hex            ####....     1%          3    ###....
 Tukima's Dance           Hex            ####....     1%          3    ###....
 Dazzling Spray           Conj/Hex       ###...       3%          3    ###....


Dungeon Overview and Level Annotations

Branches:
Dungeon (3/15)

Altars:


Innate Abilities, Weirdness & Mutations

You cannot wear boots.
Your serpentine skin is tough. (AC +1)
You have supernaturally acute eyesight. (SInv)
Armour fits poorly on your strangely shaped body.
Your system is resistant to poisons. (rPois)
You cover ground very slowly.
You have a slow metabolism.
You can spit poison.


Message History

The orc wizard hits you but does no damage.
You barely miss the orc wizard.
The orc wizard is moderately wounded.
The orc wizard hits you but does no damage.
You barely miss the orc wizard.
The orc wizard is moderately wounded.
You hit the orc wizard but do no damage.
The orc wizard is moderately wounded.
The orc wizard gestures at you while chanting.
The puff of frost hits you!
* * * LOW HITPOINT WARNING * * *
It was a potion of brilliance.
You feel clever all of a sudden. The orc wizard closely misses you.
It was a potion of degeneration.
There was something very wrong with that liquid.
You feel weakened.
You feel dopey.
You feel clumsy.
The orc wizard gestures at you while chanting.
The puff of frost hits you!
You die...

#.###....##
#.....#####
#..#### # ##..#
#...# ##...# .
###...##
....######...###
....ooo@...###
############


You could see 2 orc wizards and an orc.

Vanquished Creatures
  2 worms (D:2)
  2 dart slugs
  5 leopard geckos
  An orc (D:3)
  3 bats
  A giant cockroach (D:1)
  7 goblins
  4 hobgoblins
  A kobold (D:2)
  2 quokkas
  A ball python (D:2)
  3 frilled lizards
  2 rats
34 creatures vanquished.

Notes
Turn   | Place    | Note
-------+----------+-------------------------------------------
     0 | D:1      | Bikalo the Naga Enchanter began the quest for the Orb.
     0 | D:1      | Reached XP level 1. HP: 15/15 MP: 3/3
   448 | D:1      | Reached XP level 2. HP: 8/22 MP: 5/5
  1004 | D:1      | Learned a level 2 spell: Ensorcelled Hibernation
  1353 | D:1      | You fall into a shaft and drop 1 floor!
  1362 | D:2      | Reached XP level 3. HP: 28/28 MP: 6/6
  1385 | D:2      | Reached skill level 5 in Stealth
  2504 | D:3      | Killed from afar by an orc wizard

Levels and vault maps discovered:
D:1:      minmay_arrival_stair_chambers, layout_basic, minmay_misc_feat_encased,
          minmay_crystal_room
D:2:      layout_rooms, hangedman_decor_clover_reticule
D:3:      layout_rooms, minmay_randomly_rotated_circles

Skill      XL: |  1  2  3 |
---------------+----------+-----
Stealth        | 5 |  5.1
Dodging        | 2 |  2.1
Short Blades   | |  1.8
Spellcasting   | |  2.0
Hexes          | |  3.4
Ice Magic      | |  0.8

Action                   || total
-------------------------++-------
Melee: Dagger            ||   121
 Cast: Corona            ||     4
       Ensorcelled Hiber ||    10
  Use: Potion            ||     2
 Stab: Sleeping          ||    13
       Distracted        ||     1
  Eat: Chunk             ||     3
Armor: Robe              ||    17
Dodge: Dodged            ||    51

Table legend:
 A = Non-vault XP
 B = Vault XP
 C = Vault XP percentage of total XP
 D = Non-vault monster count
 E = Vault monster count
 F = Vault count percentage of total count
                 A         B        C        D         E       F
            +---------+---------+-------+---------+---------+-------
      Total |      76 |       0 |   0.0 |      34 |       0 |   0.0
            +---------+---------+-------+---------+---------+-------
        D:1 |      30 |       0 |   0.0 |      15 |       0 |   0.0
        D:2 |      32 |       0 |   0.0 |      14 |       0 |   0.0
        D:3 |      14 |       0 |   0.0 |       5 |       0 |   0.0
            +---------+---------+-------+---------+---------+-------
